 Dungeon Crawl Stone Soup version 0.24.0-123-gd5b16e6ec5 (webtiles) character file.

Game seed: 13915966051604332168, levelgen mode: deterministic

333531 Johnny the Phalangite (level 20, -13/184 HPs)
             Began as a Demigod Gladiator on Jan 27, 2020.
             Killed from afar by a Hell Sentinel (72 damage)
             ... with an iron shot
             ... summoned by a deep elf demonologist
             ... led by an ironheart preserver
             ... on level 3 of the Vaults.
             The game lasted 01:29:54 (67358 turns).

Johnny the Phalangite (Demigod Gladiator)          Turns: 67358, Time: 01:29:55

Health: -13/184    AC: 25    Str: 36    XL:     20   Next: 9%
Magic:  24/24      EV: 20    Int: 12    God:
Gold:   846        SH:  0    Dex: 19    Spells: 19/19 levels left

rFire    + . .     SeeInvis .   t - +2 halberd (vamp)
rCold    + + +     Gourm    .   (shield currently unavailable)
rNeg     . . .     Faith    +   X - +4 troll leather armour
rPois    .         Spirit   .   V - +2 helmet of Mezcal {*Corrode rElec rC+++ Slay+5}
rElec    +         Reflect  .   C - +2 cloak {MR+}
rCorr    .         Harm     .   M - +1 pair of gloves
MR       +++..                  Q - +2 pair of boots {run}
Stlth    +.........             r - amulet of Heqeij {Faith +Blink rElec Str+4 Dex+2}
HPRegen  0.80/turn              S - ring of Okawaru's Hatred {rF+ Str+3 Slay+2}
MPRegen  0.19/turn              U - +5 ring of slaying

@: about to teleport, slowed, very slow
A: high mp 1
}: 2/15 runes: decaying, gossamer
a: Evoke Blink


You were on level 3 of the Vaults.
You were not hungry.

You visited 7 branches of the dungeon, and saw 37 of its levels.
You also visited: Sewer, Gauntlet, Ice Cave and Volcano.

You collected 4858 gold pieces.
You spent 4012 gold pieces at shops.

Inventory:

Hand Weapons
 t - a +2 vampiric halberd (weapon)
 F - a +2 halberd of protection
 L - a +2 glaive of flaming
 P - a +9 halberd of pain
Armour
 x - +1 swamp dragon scales
 C - a +2 cloak of magic resistance (worn)
 D - a scarf of resistance
 M - a +1 pair of gloves (worn)
 Q - a +2 pair of boots of running (worn)
 V - the +2 helmet of Mezcal (worn) {*Corrode rElec rC+++ Slay+5}
   (You found it on level 13 of the Dungeon)

   It affects your accuracy and damage with ranged weapons and melee attacks
   (+5).
   It renders you almost immune to cold.
   It insulates you from electricity.
   It may corrode you when you take damage.
 X - a +4 troll leather armour (worn)
Jewellery
 a - an uncursed ring of resist corrosion
 r - the amulet of Heqeij (around neck) {Faith +Blink rElec Str+4 Dex+2}
   (You found it on level 3 of the Spider Nest)

   [amulet of faith]

   It allows you to gain divine favour quickly.
   It affects your strength (+4).
   It affects your dexterity (+2).
   It insulates you from electricity.
   It lets you blink.
 K - an uncursed ring of protection from magic
 S - the ring of Okawaru's Hatred (left hand) {rF+ Str+3 Slay+2}
   (You found it on level 4 of the Spider Nest)

   [ring of strength]

   It affects your strength (+3).
   It affects your accuracy and damage with ranged weapons and melee attacks
   (+2).
   It protects you from fire.
 U - a +5 ring of slaying (right hand)
Wands
 d - a wand of digging (1)
 n - a wand of acid (12)
Scrolls
 g - 6 scrolls of immolation
 h - 7 scrolls of enchant armour
 i - 11 scrolls of amnesia
 k - 10 scrolls of remove curse
 l - 2 scrolls of blinking
 m - 7 scrolls of teleportation
 q - 7 scrolls of fog
 v - 3 scrolls of magic mapping
 z - 11 scrolls of identify
 N - 3 scrolls of vulnerability
 T - 2 scrolls of summoning
 W - a scroll of noise
Potions
 b - 5 potions of brilliance
 c - 10 potions of agility
 j - 5 potions of might
 p - 8 potions of mutation
 s - 4 potions of resistance
 u - a potion of cancellation
 w - 4 potions of ambrosia
 B - 9 potions of curing
 E - 9 potions of flight
 G - a potion of berserk rage
 H - 3 potions of lignification
 I - 4 potions of magic
 R - 2 potions of haste
 Z - a potion of invisibility
Miscellaneous
 e - a lightning rod (4/4)
 y - a lamp of fire
 A - a sack of spiders
 O - a phial of floods
 Y - a phantom mirror
Comestibles
 f - 31 rations
 o - 3 chunks of flesh


   Skills:
 + Level 17.3 Fighting
 + Level 22.0 Polearms
 - Level 1.7 Throwing
 + Level 17.1 Armour
 + Level 10.0 Dodging


You had 19 spell levels left.
You didn't know any spells.
Your spell library contained the following spells:

 Spells                   Type           Power        Failure   Level  Hunger
 Confusing Touch          Hex            #.....       34%         1    ##.....
 Corona                   Hex            #......      34%         1    ##.....
 Flame Tongue             Conj/Fire      #....        34%         1    ##.....
 Infusion                 Chrm           #...         34%         1    ##.....
 Magic Dart               Conj           #...         34%         1    ##.....
 Summon Small Mammal      Summ           #...         34%         1    ##.....
 Blink                    Tloc           N/A          45%         2    ###....
 Call Imp                 Summ           #.......     45%         2    ###....
 Corpse Rot               Necr           N/A          45%         2    ###....
 Ensorcelled Hibernation  Hex/Ice        #.....       45%         2    ###....
 Passwall                 Tmut/Erth      #.......     45%         2    ###....
 Poisonous Vapours        Pois/Air       #.....       45%         2    ###....
 Searing Ray              Conj           #.....       45%         2    ###....
 Shroud of Golubria       Chrm/Tloc      #.....       45%         2    ###....
 Slow                     Hex            #.......     45%         2    ###....
 Song of Slaying          Chrm           #.......     45%         2    ###....
 Swiftness                Chrm/Air       #.......     45%         2    ###....
 Throw Flame              Conj/Fire      #.....       45%         2    ###....
 Call Canine Familiar     Summ           #.......     71%         3    ####...
 Confuse                  Hex            #.......     71%         3    ####...
 Conjure Flame            Conj/Fire      #.......     71%         3    ####...
 Dazzling Spray           Conj/Hex       #.....       71%         3    ####...
 Gell's Gravitas          Tloc           #.........   71%         3    ####...
 Ignite Poison            Fire/Tmut/Pois #.......     71%         3    ####...
 Inner Flame              Hex/Fire       #.......     71%         3    ####...
 Lesser Beckoning         Tloc           #.........   71%         3    ####...
 Mephitic Cloud           Conj/Pois/Air  #.......     71%         3    ####...
 Portal Projectile        Hex/Tloc       #.....       71%         3    ####...
 Regeneration             Chrm/Necr      #.........   71%         3    ####...
 Spectral Weapon          Hex/Chrm       #.......     71%         3    ####...
 Stone Arrow              Conj/Erth      #.....       71%         3    ####...
 Summon Guardian Golem    Hex/Summ       #.......     71%         3    ####...
 Teleport Other           Tloc           #.......     71%         3    ####...
 Tukima's Dance           Hex            #.......     71%         3    ####...
 Cause Fear               Hex            #.........   98%         4    #####..
 Force Lance              Conj/Tloc      #.......     98%         4    #####..
 Fulminant Prism          Conj/Hex       #.........   98%         4    #####..
 Iskenderun's Mystic Bla  Conj           #.......     98%         4    #####..
 Leda's Liquefaction      Hex/Erth       #.........   98%         4    #####..
 Passage of Golubria      Tloc           N/A          98%         4    #####..
 Petrify                  Tmut/Erth      #.......     98%         4    #####..
 Sticky Flame             Conj/Fire      #.......     98%         4    #####..
 Summon Ice Beast         Ice/Summ       #.......     98%         4    #####..
 Summon Lightning Spire   Summ/Air       #.......     98%         4    #####..
 Bolt of Magma            Conj/Fire/Erth #.........   100%        5    ######.
 Fireball                 Conj/Fire      #.........   100%        5    ######.
 Irradiate                Conj/Tmut      #.........   100%        5    ######.
 Lee's Rapid Deconstruct  Erth           #.........   100%        5    ######.
 Lightning Bolt           Conj/Air       #.........   100%        5    ######.
 Metabolic Englaciation   Hex/Ice        #.........   100%        5    ######.
 Silence                  Hex/Air        #.........   100%        5    ######.
 Summon Forest            Summ/Tloc      #.........   100%        5    ######.
 Yara's Violent Unravell  Hex/Tmut       #.........   100%        5    ######.
 Bolt of Fire             Conj/Fire      #.........   100%        6    #######
 Darkness                 Hex            #.........   100%        6    #######
 Deflect Missiles         Chrm/Air       #.........   100%        6    #######
 Freezing Cloud           Conj/Ice/Air   #.........   100%        6    #######
 Hydra Form               Tmut           #.........   100%        6    #######
 Invisibility             Hex            #.......     100%        6    #######
 Statue Form              Tmut/Erth      #........    100%        6    #######
 Dragon Form              Tmut           #.........   100%        7    #######
 Haunt                    Necr/Summ      #.........   100%        7    #######
 Ring of Flames           Chrm/Fire      #.........   100%        7    #######
 Summon Hydra             Summ           #.........   100%        7    #######
 Borgnjor's Revivificati  Necr           #.........   100%        8    #######
 Death's Door             Chrm/Necr      #.........   100%        8    #######
 Discord                  Hex            #.........   100%        8    #######
 Ignition                 Fire           #.........   100%        8    #######
 Infestation              Necr           #.........   100%        8    #######
 Necromutation            Tmut/Necr      #.........   100%        8    #######


Dungeon Overview and Level Annotations

Branches:
Dungeon (15/15)            Temple (0/1) D:6            Lair (6/6) D:9
  Swamp (4/4) Lair:3       Spider (4/4) Lair:2        Slime (0/5) Lair:6
    Orc (2/2) D:9             Elf (3/3) Orc:2        Vaults (3/5) D:13
 Depths (0/5) D:15          Sewer (visited)           IceCv (visited)
Volcano (visited)         Gauntlet (visited)
  Crypt: Vaults:2-3

Shops:
Orc:1 *   Orc:2 ???*!   Elf:1 ?   Elf:3 }}=*

Annotations:
D:12 1 runed translucent door, Haxesask's ghost, journeyman DrFi
Lair:1 2 transporters, Rilutz's ghost, novice MiFi
Lair:4 exclusion: oklob plant
Spider:4 Roxanne


Innate Abilities, Weirdness & Mutations

You have an increased reservoir of magic. (+10% MP)


Message History

The Hell Sentinel hits you but does no damage.
The Tzitzimitl engulfs you! The Tzitzimitl drains your vigour!
You feel yourself slow down.
The Tzitzimitl bites you but does no damage.
You slash the Tzitzimitl!
The Tzitzimitl is moderately wounded.
The smoke demon gestures at you. Something smites you!
The Hell Sentinel hits you!! The Hell Sentinel barely misses you.
The Tzitzimitl calls on the powers of darkness!
The deep elf demonologist convulses!
Your body is wracked with pain!
The ironbrand convoker convulses!
The deep elf mage convulses!
The yaktaur convulses!
As you read the scroll of teleportation, it crumbles to dust.
You feel strangely unstable.
The deep elf mage mumbles some strange words.
The deep elf mage blinks!
The Hell Sentinel gestures at you. The iron shot hits you!!!!
You die... #...†<).# #.....).# .. #.......# ##'# #######'#### #°°.. #..........# Eec

#..........####43E
#..........#..#p#
+..........#.11e#
#..........#.@#
#.......).)#.e#
#........).'..#
.........)####
......§...#
..........#
.........#
.........#
.........#


You could see a Hell Sentinel, a Tzitzimitl, a deep elf demonologist, an
ironbrand convoker, a yaktaur, an ice devil, 2 deep elf magi, a smoke demon and
2 fire elementals.

Vanquished Creatures
  The ghost of Owkaliss the Geomancer, an adept OgEE of Vehumet (Spider:3)
  Jorgrun (Swamp:1)
  Rupert (Lair:6)
  A deep elf blademaster (Elf:2)
  Frances (D:13)
  Agnes (D:15)
  2 thorn hunters
  The ghost of Moafeusm the Severer, an adept HOFi of Beogh (Spider:3)
  Kirke (D:13)
  The ghost of haesbaert the Destroyer, a journeyman DrWz of Ru (Spider:4)
  8 deep elf sorcerers
  4 ghost moths
  6 vault wardens
  The ghost of Cuth the Cleaver, a journeyman DDFi of Makhleb (Spider:3)
  7 deep elf elementalists (Elf:3)
  Louise (Elf:3)
  3 ironheart preservers
  The ghost of teukkam the Fighter, a journeyman MiFi of Ru (Spider:3)
  8 emperor scorpions
  A stone giant (Vaults:2)
  A war gargoyle (Vaults:2)
  3 very ugly things
  9 entropy weavers
  A minotaur (Gauntlet)
  2 deep elf demonologists
  5 deep elf annihilators
  A spark wasp (Spider:2)
  Snorg (D:12)
  4 ettins
  3 deep elf death magi
  Josephine (Lair:4)
  2 rakshasas
  Fannar (Lair:1)
  A yaktaur captain (D:15)
  5 deep elf high priests
  3 great orbs of eyes
  2 ogre magi
  Erolcha (D:13)
  10 vault guards
  22 hydras
  Harold (D:7)
  2 catoblepae
  2 ice dragons (Vaults:2)
  7 centaur warriors
  2 shambling mangroves
  21 alligators
  A two-headed ogre (shapeshifter) (Vaults:2)
  9 two-headed ogres
  3 death knights
  Erica (D:8)
  22 dancing weapons
  Urug (D:11)
  An orc high priest (Orc:1)
  3 deep troll earth magi (Vaults:1)
  Sonja (D:12)
  18 deep elf knights
  A shadow wraith (Vaults:2)
  A hell knight (Volcano)
  An unseen horror (D:15)
  14 swamp dragons
  13 skeletal warriors
  2 glowing orange brains (Vaults:2)
  2 deep trolls (Vaults:1)
  2 spriggan druids (Swamp:4)
  A sea snake (shapeshifter) (Vaults:2)
  9 deep elf archers
  5 ironbrand convokers (Vaults:2)
  6 orc knights
  A harpy (shapeshifter) (Vaults:2)
  A harpy (Vaults:2)
  33 wolf spiders
  17 orb spiders
  15 slime creatures
  4 orc sorcerers
  35 ugly things
  Joseph (D:8)
  65 deep elf magi
  4 elephants (Lair:3)
  3 centaur zombies
  6 cyclopes
  A salamander (shapeshifter) (D:13)
  5 moths of wrath
  2 guardian serpents
  6 ice statues
  Psyche (D:12)
  A black mamba (Lair:6)
  7 vault sentinels
  15 spiny frogs
  A torpor snail (Spider:4)
  2 rime drakes
  10 demonic crawlers
  22 yaktaurs
  9 komodo dragons
  3 anaconda simulacra (IceCv)
  2 tengu conjurers (D:13)
  A troll (shapeshifter) (D:14)
  53 jumping spiders
  A jumping spider (shapeshifter) (Vaults:2)
  A merfolk (D:9)
  A queen bee (Spider:3)
  6 trolls
  3 meliai (Spider:3)
  Grinder (D:3)
  31 hornets
  17 blink frogs
  A harpy skeleton (D:15)
  8 hippogriffs
  5 polar bears
  2 hippogriffs (shapeshifter) (Vaults:2)
  8 tyrant leeches
  13 dream sheep
  6 bog bodies
  27 tarantellas
  25 spriggans
  7 air elementals
  A fire bat (shapeshifter) (Elf:2)
  6 shadows
  5 wraiths
  104 redbacks
  4 wyverns
  A dire elephant simulacrum (IceCv)
  2 basilisks
  2 water elementals
  2 hogs (D:13)
  2 fire elementals
  44 yaks
  8 vampire mosquitoes
  3 wargs
  4 acid dragons
  An iron troll simulacrum (IceCv)
  A soldier ant (D:10)
  2 harpy simulacra (IceCv)
  19 swamp worms
  15 water moccasins
  2 hydra simulacra (IceCv)
  8 porcupines
  9 ice beasts
  6 black bears
  2 necrophages
  5 sky beasts
  34 orc warriors
  18 swamp drakes
  A phantom (D:4)
  33 wolves
  2 eyes of draining
  9 boggarts
  9 ogres
  31 centaurs
  20 crocodiles
  3 big kobolds
  22 bullfrogs
  2 earth elementals
  A wyvern skeleton (D:10)
  4 scorpions
  20 killer bees
  5 electric eels
  11 wights
  6 howler monkeys
  4 crimson imps
  5 quasits
  12 orc priests
  A bullfrog zombie (D:10)
  9 hounds
  6 jellies
  2 bullfrog skeletons
  6 centaur skeletons
  A gnoll shaman (D:5)
  6 iguanas
  24 orc wizards
  Ijyb (D:3)
  Natasha (twice) (D:3)
  7 worker ants
  4 hell rats (Lair:4)
  A hound skeleton (D:9)
  2 howler monkey zombies
  6 worker ant zombies
  4 gnolls (D:5)
  19 adders
  4 shadow imps
  13 oozes
  6 worms
  2 dart slugs (D:1)
  16 leopard geckos
  88 orcs
  10 ball pythons
  13 bats
  17 giant cockroaches
  6 goblins
  13 hobgoblins
  10 jackals
  19 kobolds
  3 quokkas
  13 frilled lizards
  A leopard gecko skeleton (D:7)
  A quokka zombie (D:8)
  6 rats
  A fungus (Lair:4)
1623 creatures vanquished.

Vanquished Creatures (collateral kills)
  2 orb spiders
2 creatures vanquished.

Vanquished Creatures (others)
  A centaur warrior (Volcano)
  A deep elf knight (Elf:2)
  A deep elf archer (Elf:3)
  A centaur skeleton (D:13)
  A minotaur zombie (Gauntlet)
  A yaktaur (D:15)
  A jumping spider (Spider:3)
  A swamp drake (Swamp:1)
  A centaur (D:14)
  A boggart (Vaults:2)
  An orc wizard (Orc:2)
  4 orcs (Orc:2)
  2 bushes
  2 crawling corpses (Elf:1)
  14 demonic plants (Gauntlet)
  10 fungi
  29 plants
  A withered plant (Gauntlet)
73 creatures vanquished.

Grand Total: 1698 creatures vanquished

Notes
Turn   | Place    | Note
-------+----------+-------------------------------------------
     0 | D:1      | Johnny the Demigod Gladiator began the quest for the Orb.
     0 | D:1      | Reached XP level 1. HP: 17/17 MP: 3/3
   110 | D:1      | Reached skill level 3 in Polearms
   179 | D:1      | Reached XP level 2. HP: 17/24 MP: 4/4
   837 | D:2      | Reached XP level 3. HP: 30/30 MP: 5/5
  1166 | D:2      | Reached skill level 4 in Polearms
  1166 | D:2      | Reached skill level 1 in Armour
  1166 | D:2      | Reached XP level 4. HP: 30/37 MP: 6/6
  2398 | D:3      | Noticed Grinder
  2415 | D:3      | Paralysed by Grinder for 7 turns
  2430 | D:3      | Paralysed by Grinder for 4 turns
  2457 | D:3      | Killed Grinder
  2457 | D:3      | Reached skill level 5 in Polearms
  2457 | D:3      | Reached XP level 5. HP: 32/45 MP: 7/7
  2457 | D:3      | Reached XP level 6. HP: 36/51 MP: 8/8
  2608 | D:3      | Noticed Ijyb
  2730 | D:3      | Killed Ijyb
  3075 | D:3      | Noticed Natasha
  3081 | D:3      | Killed Natasha
  3175 | D:3      | Noticed Natasha
  3183 | D:3      | Killed Natasha
  3637 | D:4      | Reached XP level 7. HP: 48/59 MP: 9/9
  3854 | D:4      | Reached skill level 6 in Polearms
  4742 | D:5      | Entered Level 5 of the Dungeon
  4810 | D:5      | Found a glowing drain.
  4825 | Sewer    | Entered a sewer
  5458 | Sewer    | Reached skill level 7 in Polearms
  5459 | Sewer    | Reached XP level 8. HP: 62/67 MP: 10/10
  5802 | D:5      | Reached skill level 5 in Fighting
  5983 | D:5      | Found a hazy altar of Hepliaklqana.
  6639 | D:6      | Found a staircase to the Ecumenical Temple.
  6896 | D:6      | Reached skill level 8 in Polearms
  7637 | D:7      | Found a burning altar of Makhleb.
  7711 | D:7      | You fall into a shaft and drop 2 floors!
  7726 | D:8      | Noticed Erica
  7731 | D:8      | Killed Erica
  7731 | D:8      | Reached skill level 5 in Armour
  7731 | D:8      | Reached XP level 9. HP: 75/75 MP: 11/11
  7893 | D:7      | Reached skill level 9 in Polearms
  8027 | D:7      | Noticed Harold
  8045 | D:7      | Killed Harold
  8668 | D:7      | Reached skill level 10 in Polearms
  8840 | D:8      | Found a snail-covered altar of Cheibriados.
  8868 | D:8      | Reached XP level 10. HP: 66/86 MP: 13/13
  8973 | D:8      | Noticed Joseph
  9003 | D:8      | Killed Joseph
 10059 | D:9      | Found a staircase to the Orcish Mines.
 10322 | D:9      | Reached skill level 11 in Polearms
 10911 | D:9      | Noticed a two-headed ogre
 11466 | D:9      | Noticed a guardian serpent
 11472 | D:9      | Killed a guardian serpent
 11802 | D:9      | Found a staircase to the Lair.
 11804 | D:9      | a two-headed ogre changed into a merfolk
 12233 | D:10     | Entered Level 10 of the Dungeon
 12233 | D:10     | Noticed a brown ugly thing
 12346 | D:10     | Reached XP level 11. HP: 87/95 MP: 14/14
 13512 | D:10     | Reached skill level 12 in Polearms
 13556 | D:11     | Noticed Maurice
 13562 | D:11     | Noticed Maurice
 13562 | D:11     | Maurice changed into Maurice the rime drake
 13576 | D:11     | Killed Maurice the rime drake
 13657 | D:11     | Found a gate leading to a gauntlet.
 13669 | Gauntlet | Entered a Gauntlet
 13669 | Gauntlet | Found a transporter.
 13820 | Gauntlet | Found a transporter.
 13823 | Gauntlet | Noticed a great orb of eyes
 13835 | Gauntlet | Found a transporter.
 13839 | Gauntlet | Found a transporter.
 13841 | Gauntlet | Found a large runed translucent door.
 13841 | Gauntlet | Found a large runed translucent door.
 13842 | Gauntlet | Found a large runed translucent door.
 13843 | Gauntlet | Found a large runed translucent door.
 13843 | Gauntlet | Found a large runed translucent door.
 13843 | Gauntlet | Found a runed translucent door.
 13844 | Gauntlet | Found a large runed translucent door.
 13845 | Gauntlet | Found a large runed translucent door.
 13846 | Gauntlet | Found a large runed translucent door.
 13846 | Gauntlet | Found a large runed translucent door.
 13847 | Gauntlet | Found a runed translucent gate.
 13855 | Gauntlet | Found a runed translucent gate.
 13855 | Gauntlet | Found a transporter.
 13855 | Gauntlet | Noticed a great orb of eyes
 13856 | Gauntlet | Found a runed translucent gate.
 13856 | Gauntlet | Found a runed translucent door.
 13858 | Gauntlet | Found a large runed translucent door.
 13858 | Gauntlet | Found a large runed translucent door.
 13859 | Gauntlet | Found a large runed translucent door.
 13860 | Gauntlet | Found a large runed translucent door.
 13866 | Gauntlet | Noticed a necromancer
 13866 | Gauntlet | Noticed a death yak
 13866 | Gauntlet | Noticed a death yak
 13866 | Gauntlet | Noticed a death yak
 13867 | Gauntlet | Noticed a death yak
 13867 | Gauntlet | Noticed a death yak
 13868 | Gauntlet | Found a runed translucent gate.
 13869 | Gauntlet | Found a large runed translucent door.
 13869 | Gauntlet | Found a large runed translucent door.
 13869 | Gauntlet | Found a transporter.
 13869 | Gauntlet | Found a runed translucent gate.
 13870 | Gauntlet | Found a large runed translucent door.
 13872 | Gauntlet | Found a transporter.
 13876 | Gauntlet | Found a transporter.
 13880 | Gauntlet | Found a runed translucent gate.
 13898 | Gauntlet | Noticed a sixfirhy
 13899 | Gauntlet | Found a transporter.
 13900 | Gauntlet | Noticed a sixfirhy
 13901 | Gauntlet | Noticed a sixfirhy
 13902 | Gauntlet | Noticed a sixfirhy
 13916 | Gauntlet | Found a transporter.
 13920 | Gauntlet | Found a transporter.
 13928 | Gauntlet | Found a transporter.
 14002 | Gauntlet | Killed a great orb of eyes
 14074 | Gauntlet | Killed a great orb of eyes
 14145 | Gauntlet | Got a smoking marble ring
 14153 | Gauntlet | Identified the cursed ring of Soratom {rN+++ Int+4 Dex-3
                  | Slay-3} (You found it in a Gauntlet)
 14227 | Gauntlet | Identified the +2 flail of Wealth {venom, rF- MP+9 Str+5}
 14227 | Gauntlet | Noticed a minotaur
 14261 | Gauntlet | Killed a minotaur
 14536 | Gauntlet | Got a transparent quarterstaff
 14536 | Gauntlet | Got a transparent spear
 14566 | D:11     | Identified the cursed +0 spear of Execution {distort,
                  | Dex+3} (You found it in a Gauntlet)
 14573 | D:11     | Identified a scroll of acquirement
 14576 | D:11     | Got a bloodstained cloak
 14587 | D:11     | Identified the +1 cloak "Xiasom" {Dex+2} (You acquired it
                  | on level 11 of the Dungeon)
 14836 | D:11     | Noticed Urug
 14885 | D:11     | Killed Urug
 14885 | D:11     | Reached skill level 13 in Polearms
 15389 | D:11     | Identified the +8 quarterstaff of Linearity {holy, Int+3}
                  | (You found it in a Gauntlet)
 15702 | D:11     | Reached XP level 12. HP: 93/106 MP: 15/15
 16310 | D:12     | Noticed Snorg
 16529 | D:12     | Found a runed translucent door.
 16529 | D:12     | Noticed Haxesask's ghost (journeyman DrFi)
 16581 | D:12     | Noticed Psyche
 16587 | D:12     | Killed Psyche
 16587 | D:12     | Reached skill level 10 in Fighting
 16601 | D:12     | Noticed Sonja
 16607 | D:12     | Killed Sonja
 16886 | Lair:1   | Entered Level 1 of the Lair of Beasts
 16927 | Lair:1   | Noticed Fannar
 16958 | Lair:1   | Killed Fannar
 17388 | Lair:1   | Reached skill level 14 in Polearms
 17410 | Lair:1   | Found a transporter.
 17425 | Lair:1   | Noticed Rilutz's ghost (novice MiFi)
 17444 | Lair:1   | Found a transporter.
 17894 | Lair:1   | Reached skill level 10 in Armour
 19004 | Lair:2   | Found a hole to the Spider Nest.
 19131 | Lair:2   | You fall into a shaft and drop 2 floors!
 19492 | Lair:4   | Reached XP level 13. HP: 72/114 MP: 16/16
 19758 | Lair:3   | Found a dark tunnel.
 19763 | Volcano  | Entered a volcano
 20817 | Lair:3   | Reached skill level 15 in Polearms
 21733 | Lair:3   | Found a staircase to the Swamp.
 21946 | Lair:4   | You fall into a shaft and drop 2 floors!
 21946 | Lair:6   | Entered Level 6 of the Lair of Beasts
 22504 | Lair:6   | Paralysed by a hornet for 2 turns
 22850 | Lair:5   | Identified Lee's Compendium of Ashen Conjuration
 23587 | Lair:4   | Noticed Josephine
 23606 | Lair:4   | Killed Josephine
 24283 | Lair:4   | Got a heavily runed plate armour
 24294 | Lair:4   | Identified the cursed +1 plate armour of the Five Shrikes
                  | {*Slow Str+5} (You found it on level 4 of the Lair of
                  | Beasts)
 25213 | Lair:6   | Noticed Rupert
 25489 | Lair:6   | Found a viscous altar of Jiyva.
 25489 | Lair:6   | Found a staircase to the Slime Pits.
 25582 | Lair:6   | Reached skill level 16 in Polearms
 25582 | Lair:6   | Reached XP level 14. HP: 117/125 MP: 17/17
 25909 | Lair:6   | Paralysed by Rupert for 2 turns
 25931 | Lair:6   | Killed Rupert
 27371 | Orc:1    | Entered Level 1 of the Orcish Mines
 27380 | Orc:1    | Found Tywuan's Assorted Antiques.
 27464 | Orc:1    | Bought a potion of curing for 81 gold pieces
 27464 | Orc:1    | Bought a scroll of identify for 54 gold pieces
 27464 | Orc:1    | Bought 2 potions of flight for 162 gold pieces
 27464 | Orc:1    | Bought a scroll of fear for 94 gold pieces
 27464 | Orc:1    | Bought 2 red potions for 48 gold pieces
 27737 | Orc:2    | Entered Level 2 of the Orcish Mines
 27916 | Orc:2    | HP: 5/127 [orc warrior/+0 halberd (11)]
 28764 | Orc:2    | Found Olecleg's Magic Scroll Emporium.
 28764 | Orc:2    | Found Ukemneq's Magic Scroll Boutique.
 28766 | Orc:2    | Found Tasu's Magic Scroll Shop.
 28768 | Orc:2    | Found Hesogyl's Assorted Antiques.
 28783 | Orc:2    | Bought a potion of curing for 72 gold pieces
 28783 | Orc:2    | Bought a scroll of identify for 48 gold pieces
 28783 | Orc:2    | Bought a potion of lignification for 72 gold pieces
 28790 | Orc:2    | Bought a scroll of identify for 24 gold pieces
 28790 | Orc:2    | Bought a scroll of fog for 24 gold pieces
 28790 | Orc:2    | Bought a scroll of identify for 24 gold pieces
 28790 | Orc:2    | Bought a scroll of identify for 24 gold pieces
 28790 | Orc:2    | Bought a scroll of teleportation for 36 gold pieces
 28790 | Orc:2    | Bought a scroll of blinking for 90 gold pieces
 28790 | Orc:2    | Bought a scroll of teleportation for 36 gold pieces
 28790 | Orc:2    | Bought a scroll of fear for 42 gold pieces
 28790 | Orc:2    | Bought a scroll of teleportation for 36 gold pieces
 28790 | Orc:2    | Bought a scroll of identify for 24 gold pieces
 28790 | Orc:2    | Bought a scroll of fear for 42 gold pieces
 28793 | Orc:2    | Bought a scroll of identify for 22 gold pieces
 28793 | Orc:2    | Bought a scroll of teleportation for 33 gold pieces
 28793 | Orc:2    | Bought a scroll of teleportation for 33 gold pieces
 28793 | Orc:2    | Bought a scroll of enchant weapon for 82 gold pieces
 28793 | Orc:2    | Bought a scroll of identify for 22 gold pieces
 28796 | Orc:2    | Bought a scroll of identify for 24 gold pieces
 28796 | Orc:2    | Bought a scroll of identify for 24 gold pieces
 28796 | Orc:2    | Bought a scroll of magic mapping for 42 gold pieces
 28796 | Orc:2    | Bought a scroll of fog for 24 gold pieces
 28796 | Orc:2    | Bought a scroll of enchant armour for 90 gold pieces
 28796 | Orc:2    | Bought a scroll of teleportation for 36 gold pieces
 28796 | Orc:2    | Bought a scroll of fog for 24 gold pieces
 28796 | Orc:2    | Bought a scroll of teleportation for 36 gold pieces
 28871 | Orc:2    | Found a staircase to the Elven Halls.
 28880 | Orc:2    | Found Qustroplae's Distillery.
 28888 | Orc:2    | Bought a potion of might for 64 gold pieces
 28888 | Orc:2    | Bought a potion of flight for 48 gold pieces
 28888 | Orc:2    | Bought a potion of heal wounds for 80 gold pieces
 28888 | Orc:2    | Bought a potion of might for 64 gold pieces
 28888 | Orc:2    | Bought 2 potions of curing for 96 gold pieces
 28888 | Orc:2    | Bought a potion of heal wounds for 80 gold pieces
 29558 | D:12     | Killed Snorg
 29870 | D:13     | Noticed Erolcha
 29882 | D:13     | Killed Erolcha
 29936 | D:13     | Noticed Kirke
 29961 | D:13     | Killed Kirke
 29961 | D:13     | Reached skill level 17 in Polearms
 30373 | D:13     | Found a blossoming altar of Fedhas.
 30629 | D:13     | Noticed Frances
 30642 | D:13     | Killed Frances
 30849 | D:13     | Found a gate to the Vaults.
 30863 | D:13     | Got a pitted helmet
 30874 | D:13     | Identified the +2 helmet of Mezcal {*Corrode rElec rC+++
                  | Slay+5} (You found it on level 13 of the Dungeon)
 31201 | D:14     | Found a shadowy altar of Dithmenos.
 31707 | D:14     | Reached XP level 15. HP: 73/134 MP: 18/18
 32653 | D:15     | Entered Level 15 of the Dungeon
 33522 | D:15     | Found a staircase to the Depths.
 33871 | D:15     | Noticed Agnes
 33891 | D:15     | Killed Agnes
 34522 | D:15     | Reached skill level 18 in Polearms
 34946 | Swamp:1  | Entered Level 1 of the Swamp
 35272 | Swamp:1  | Noticed Jorgrun
 35290 | Swamp:1  | Killed Jorgrun
 35550 | Swamp:1  | Noticed a thorn hunter
 35705 | Lair:3   | Killed a thorn hunter
 38704 | Swamp:2  | Reached XP level 16. HP: 94/145 MP: 19/19
 41900 | Swamp:4  | Entered Level 4 of the Swamp
 41930 | Swamp:4  | Found a frozen archway.
 41939 | Swamp:4  | Reached skill level 19 in Polearms
 41944 | IceCv    | Entered an ice cave
 41997 | IceCv    | Got a jewelled scale mail
 42107 | IceCv    | Identified the cursed +0 scale mail "Nymumi" {Int+5} (You
                  | found it in an ice cave)
 43752 | Swamp:4  | Got a decaying rune of Zot
 44617 | Elf:1    | Entered Level 1 of the Elven Halls
 45451 | Elf:1    | Found Unitumiu's Magic Scroll Boutique.
 45457 | Elf:1    | Bought a scroll of acquirement for 988 gold pieces
 45457 | Elf:1    | Bought a scroll of blinking for 142 gold pieces
 45457 | Elf:1    | Bought a scroll of identify for 38 gold pieces
 45457 | Elf:1    | Bought a scroll of identify for 38 gold pieces
 45936 | Elf:1    | Reached XP level 17. HP: 154/154 MP: 20/20
 46749 | Elf:2    | Reached skill level 20 in Polearms
 47199 | Elf:2    | Found a huge runed translucent gate.
 47199 | Elf:2    | Found a huge runed translucent gate.
 47200 | Elf:2    | Found a huge runed translucent gate.
 47338 | Elf:2    | Found a huge runed translucent gate.
 47341 | Elf:2    | Found a huge runed translucent gate.
 47430 | Elf:2    | Reached skill level 15 in Fighting
 49091 | Elf:3    | Entered Level 3 of the Elven Halls
 49104 | Elf:3    | Noticed Louise
 49130 | Elf:3    | Killed Louise
 49343 | Elf:3    | Reached skill level 15 in Armour
 49476 | Elf:3    | Found Putys's Jewellery Shoppe.
 49477 | Elf:3    | Found Unexir's Gadget Boutique.
 49477 | Elf:3    | Found Unwenn's Gadget Boutique.
 50737 | Elf:3    | Found Mamonnuo's Assorted Antiques.
 50745 | Elf:3    | Bought a potion of curing for 69 gold pieces
 50745 | Elf:3    | Bought a scroll of identify for 46 gold pieces
 50745 | Elf:3    | Bought a scroll of identify for 46 gold pieces
 50750 | Elf:3    | Noticed a deep elf blademaster
 50780 | Elf:2    | Killed a deep elf blademaster
 51342 | Elf:3    | Identified the amulet "Laustin" {+Rage rElec}
 51955 | Elf:3    | Identified the cursed +0 ring mail of Cexkala {MR+}
 53616 | Elf:3    | Identified a +2 pair of boots of running (You found it on
                  | level 3 of the Elven Halls)
 53811 | Orc:2    | Bought 2 potions of mutation for 256 gold pieces
 53811 | Orc:2    | Bought a potion of agility for 64 gold pieces
 53811 | Orc:2    | Bought a potion of curing for 48 gold pieces
 53811 | Orc:2    | Bought a potion of cancellation for 128 gold pieces
 53811 | Orc:2    | Bought a potion of magic for 128 gold pieces
 53811 | Orc:2    | Bought a potion of brilliance for 64 gold pieces
 53964 | Spider:1 | Entered Level 1 of the Spider Nest
 54027 | Spider:1 | Reached XP level 18. HP: 163/163 MP: 21/21
 54766 | Spider:1 | Reached skill level 5 in Dodging
 55357 | Spider:1 | Reached skill level 21 in Polearms
 59242 | Spider:3 | Found a runed translucent gate.
 59244 | Spider:3 | Noticed Cuth's ghost (journeyman DDFi)
 59245 | Spider:3 | Found a runed translucent gate.
 59245 | Spider:3 | Found a runed translucent gate.
 59245 | Spider:3 | Noticed teukkam's ghost (journeyman MiFi)
 59246 | Spider:3 | Noticed Moafeusm's ghost (adept HOFi)
 59250 | Spider:3 | Noticed Owkaliss's ghost (adept OgEE)
 59258 | Spider:3 | Found the ring of the Octopus King
 59292 | Spider:3 | Killed Moafeusm's ghost
 59299 | Spider:3 | Killed teukkam's ghost
 59406 | Spider:3 | Killed Cuth's ghost
 59566 | Spider:3 | Got a scintillating garnet amulet
 59570 | Spider:3 | Got a ring of the Octopus King
 59572 | Spider:3 | Identified a ring of the Octopus King {AC+1 EV+1 Str+1
                  | Int+1 Dex+1 SInv} (You found it on level 3 of the Spider
                  | Nest)
 59573 | Spider:3 | Identified the amulet of Heqeij {Faith +Blink rElec Str+4
                  | Dex+2} (You found it on level 3 of the Spider Nest)
 60125 | Spider:3 | Killed Owkaliss's ghost
 60152 | Spider:3 | HP: 7/166 [meliai/divine providence (12)]
 60693 | Spider:4 | Entered Level 4 of the Spider Nest
 60969 | Spider:4 | Identified Roxanne's Compendium of Clay
 60969 | Spider:4 | Noticed Roxanne
 61201 | Spider:4 | Found a large runed translucent door.
 61201 | Spider:4 | Found a large runed translucent door.
 61205 | Spider:4 | Noticed haesbaert's ghost (journeyman DrWz)
 61227 | Spider:4 | Killed haesbaert's ghost
 61281 | Spider:4 | Got a translucent steel ring
 61390 | Spider:4 | Identified the ring of Okawaru's Hatred {rF+ Str+3 Slay+2}
                  | (You found it on level 4 of the Spider Nest)
 62600 | Spider:4 | Reached XP level 19. HP: 160/173 MP: 22/22
 63303 | Spider:4 | Got a gossamer rune of Zot
 63873 | Vaults:1 | Entered Level 1 of the Vaults
 65217 | Vaults:1 | You fall into a shaft and drop 1 floor!
 67110 | Vaults:3 | Reached XP level 20. HP: 176/184 MP: 24/24
 67341 | Vaults:3 | Reached skill level 10 in Dodging
 67353 | Vaults:3 | Reached skill level 22 in Polearms
 67358 | Vaults:3 | Killed from afar by a Hell Sentinel

Levels and vault maps discovered:
D:1:      grunt_arrival_lava_bath, layout_basic, serial_park_tiny_2,
          lemuel_old_faithful
D:2:      layout_basic
D:3:      layout_loops_ring, first_ration, minmay_misc_feat_doors,
          minmay_diced_spiral, uniq_ijyb, uniq_natasha, uniq_grinder
D:4:      layout_gridville
D:5:      layout_cave_pools, nicolae_overflow_hidden_temple,
          cheibrodos_sewer_entry_bend
D:6:      layout_basic, temple_pool_b
D:7:      layout_loops_ring, makhleb_heckhound_becter, the_bakery,
          hangedman_abyss_or_decor_lesser_grid, uniq_harold
D:8:      layout_cave_pools, nicolae_overflow_crystal_walls,
          minmay_sticks_and_stones, uniq_erica
D:9:      layout_long_grid, minmay_lair_entry_grove, grunt_ministairs_10,
          nrook_guardian_serpent_ordinary
D:10:     layout_roguey
D:11:     layout_long_grid, gauntlet_entry_generic, chequers_mini_garden,
          uniq_maurice, uniq_urug
D:12:     layout_roguey, hellmonk_ghost_happy_afterlife, uniq_sonja,
          uniq_psyche, uniq_snorg
D:13:     layout_stronghold, david_vaults_5, serial_column_ruins,
          column_ruins_columns_corner, column_ruins_grid_1,
          column_ruins_corridor_straight, column_ruins_corridor_corner,
          fedhas_altar_2, uniq_erolcha, uniq_kirke, uniq_frances
D:14:     layout_basic, serial_park_square2, grunt_dithmenos_smoke
D:15:     grunt_enter_depths_snipers, layout_basic,
          nrook_guardian_serpent_double, uniq_agnes
Lair:1:   layout_chaotic_city, gammafunk_ghost_arena,
          infiniplex_staircase_pool_2, grunt_megastairs_4, serial_bayou_shore_a,
          uniq_fannar
Lair:2:   layout_hall_layers, spider_nest_entry_rubble, ldierk_geyser
Lair:3:   layout_chaotic_city, palyth_hydra_swamp_entry, enter_volcano_4,
          grunt_forest_small_clearing_treed
Lair:4:   layout_layer_cave, grunt_megastairs_5, uniq_josephine
Lair:5:   layout_regular_city, minmay_holes
Lair:6:   minmay_lair_end_enchanted_forest, layout_cave_pods, slime_altar_1,
          uniq_rupert
Swamp:1:  layout_falls_marsh, infiniplex_staircase_pool, uniq_jorgrun
Swamp:2:  layout_basic_swamp, evilmike_swamp_ruin_house_1
Swamp:3:  layout_falls_marsh, hangedman_swamp_ruin_wall
Swamp:4:  swamp, layout_basic_swamp, portal_ice_cave_entry_ice_statue_one,
          statue_in_the_mist_lemuel
Spider:1: layout_chambers, nicolae_spider_nook
Spider:2: nicolae_orb_stairs_large
Spider:3: layout_spider_delve, gammafunk_ghost_cemetery, special_room
          [special_room_bee]
Spider:4: grunt_spider_rune_circles, ebering_ghost_disaster_area, uniq_roxanne
Orc:1:    layout_caves, serial_shops, shop
Orc:2:    st_orc_rangers, layout_caves, special_room, serial_shops,
          nicolae_shop_temple_entry_statues_fountains, mines4_lemuel
Elf:1:    elf_arrival_001, layout_onion_city, serial_shops, nicolae_shop_trees,
          hangedman_elf_represent
Elf:2:    layout_loops_cross
Elf:3:    minmay_elf_hall_dome, layout_gridlike, serial_shops, shop,
          minmay_shop_grove, uniq_louise
Vaults:1: nicolae_vaults_shelves_hall, hangedman_vaults_slither,
          vaults_dpeg_doors, v_misc_2, vaults_mumra_chevron_long,
          vaults_room_fours, v_alt_pattern_2, v_misc_11,
          vaults_room_guarded_vault, layout_vaults_omnigrid
Vaults:2: nicolae_vaults_branching_niches, nicolae_vaults_network_star,
          vaults_room_boxed, grunt_vaults_hallway_short, vaults_room_octagon,
          v_misc_22, grunt_vaults_diagonal, v_misc_13,
          nicolae_vaults_mini_display_case, hangedman_vaults_hat,
          layout_vaults_ring
Vaults:3: hangedman_vaults_maws, v_rooms_1, v_misc_19, grunt_tower_of_power,
          nicolae_vaults_diagonal_hallway_6, nicolae_vaults_network_quinsquares
          [nicolae_vaults_network_quincunx_subvault,
          nicolae_vaults_network_quincunx_subvault,
          nicolae_vaults_network_quincunx_subvault,
          nicolae_vaults_network_quincunx_subvault], hangedman_vaults_unwind,
          minmay_crypt_entry_simple_walls, v_misc_15,
          nicolae_vaults_sealed_display, v_alt_pattern_2,
          hangedman_vaults_stretched_pinwheel, layout_vaults_maze, serial_shops,
          nicolae_shop_statue_plus, shop, shop, shop

Skill      XL: |  1  2  3  4  5  6  7  8  9 10 11 12 13 14 15 16 17 18 19 20 |
---------------+-------------------------------------------------------------+-----
Fighting       | 2 3 4 6 7 8 9 10 11 12 13 14 15 16 17 | 17.3
Polearms       | 3 4 5 7 8 10 11 13 14 16 17 18 19 20 21 22 | 22.0
Armour         | 1 2 3 4 5 6 7 9 10 11 12 13 14 15 16 17 | 17.1
Dodging        | 4 7 9 10 | 10.0
Throwing       | |  1.7

Action                   |  1- 3 |  4- 6 |  7- 9 | 10-12 | 13-15 | 16-18 | 19-21 || total
-------------------------+-------+-------+-------+-------+-------+-------+-------++-------
Melee: Trident           |   150 |   206 |   656 |       |       |       |       ||  1012
       Halberd           |       |       |    47 |  1091 |  1552 |  2150 |   900 ||  5740
       Glaive            |       |       |       |       |   158 |   230 |       ||   388
Throw: Throwing net      |       |     8 |     3 |     9 |     4 |       |       ||    24
 Abil: Evoke Blink       |       |       |       |       |       |       |     2 ||     2
Evoke: Wand              |       |       |    28 |    43 |    55 |    35 |     8 ||   169
       Sack of spiders   |       |       |       |       |       |     6 |       ||     6
       Lightning rod     |       |       |       |       |       |     3 |       ||     3
       Phial of floods   |       |       |       |       |       |     1 |     1 ||     2
       Lamp of fire      |       |       |       |       |       |     1 |       ||     1
  Use: Potion            |       |     1 |     1 |    10 |     7 |    12 |     1 ||    32
       Scroll            |       |       |     8 |    18 |    25 |    31 |     9 ||    91
 Stab: Sleeping          |     1 |       |       |       |       |     1 |     3 ||     5
       Held in net/web   |       |     2 |       |     9 |     5 |       |       ||    16
       Paralysed         |       |       |       |    15 |       |       |       ||    15
       Invisible         |       |       |       |     2 |       |       |       ||     2
       Petrifying        |       |       |       |       |     1 |       |       ||     1
       Confused          |       |       |       |       |     2 |     1 |       ||     3
       Distracted        |       |       |       |       |       |     1 |     1 ||     2
  Eat: Chunk             |       |     7 |    16 |    50 |    35 |    10 |     9 ||   127
       Ration            |       |     1 |       |     1 |     6 |    19 |     2 ||    29
Armor: Leather armour    |     7 |       |       |       |       |       |       ||     7
       Chain mail        |    56 |   118 |   412 |   218 |       |       |       ||   804
       Scale mail        |       |       |       |   176 |   175 |    24 |       ||   375
       Plate armour      |       |       |       |       |   370 |    10 |       ||   380
       Skin              |       |       |       |       |     4 |       |       ||     4
       Swamp dragon scal |       |       |       |       |       |   930 |   128 ||  1058
       Troll leather arm |       |       |       |       |       |       |   154 ||   154
Dodge: Dodged            |    55 |    94 |   334 |   381 |   711 |  1339 |   496 ||  3410
Block: Other             |       |       |       |    49 |   139 |   327 |       ||   515
       Reflection        |       |       |       |     1 |    31 |    13 |       ||    45
